TOP OF THE 1ST |
West Virginia Power batting - Pitching for Memphis Blues : RHP Pedro Orozco
|
Pitching: RHP Pedro Orozco
|
|
Batting: LHB Júlio Martínez
|
0-0: Called Strike 0-1: SINGLE (Line Drive, 89S)
|
Batting: RHB Brett Bell
|
0-0: Ball 1-0: Ball 2-0: SINGLE (Flyball, 9LS) Júlio Martínez to second Runner from 2nd tries for 3rd, SAFE, throw made to third
|
Batting: RHB Dave McGrath
|
0-0: Called Strike 0-1: Ball 1-1: Swinging Strike 1-2: Fly out, F9 (Flyball, 9LS)
|
Batting: RHB Tony Parker
|
0-0: Called Strike 0-1: Ball 1-1: Swinging Strike 1-2: Foul Ball, location: 2F 1-2: Foul Ball, location: 2F 1-2: Foul Ball, location: 2F 1-2: Foul Ball, location: 2F 1-2: Strikes out looking
|
Batting: LHB Héctor Soto
|
0-0: Called Strike 0-1: Ball 1-1: Ball 2-1: Foul Ball, location: 2F 2-2: Ball Balk! Júlio Martínez scores Brett Bell to second 3-2: Base on Balls
|
Batting: RHB Aaron Murray
|
0-0: Ball 1-0: Called Strike 1-1: Foul Ball, location: 2F 1-2: Ball 2-2: Fly out, F2 (Popup, 3S)
|
Top of the 1st over - 1 run(s), 2 hit(s), 0 error(s), 2 left on base; West Virginia 1 - Memphis 0 |
BOTTOM OF THE 1ST |
Memphis Blues batting - Pitching for West Virginia Power : LHP Ricardo Guichardo
|
Pitching: LHP Ricardo Guichardo
|
|
Batting: RHB Peyton Pennington
|
0-0: Called Strike 0-1: Called Strike 0-2: Ball 1-2: Foul Ball, location: 2F 1-2: Ball 2-2: Ball 3-2: Ground out 6-3 (Groundball, 6)
|
Batting: RHB Dave Wookey
|
0-0: Swinging Strike 0-1: SINGLE (Line Drive, 78S)
|
Batting: SHB Terry Dailey
|
0-0: Swinging Strike 0-1: Called Strike Dave Wookey is caught stealing 2nd base 0-2: Foul Ball, location: 2F 0-2: Ball 1-2: Strikes out swinging
|
Bottom of the 1st over - 0 run(s), 1 hit(s), 0 error(s), 0 left on base; West Virginia 1 - Memphis 0 |
TOP OF THE 2ND |
West Virginia Power batting - Pitching for Memphis Blues : RHP Pedro Orozco
|
Batting: RHB Jesse McKnight
|
0-0: Reached on error, E6 (Groundball, 6)
|
Batting: SHB Waylon Adams
|
0-0: Ball 1-0: Ball 2-0: Called Strike 2-1: Fly out, F8 (Flyball, 8RM)
|
Batting: SHB Clint Woods
|
0-0: Ball 1-0: Called Strike 1-1: Foul Ball, location: 2F 1-2: Fly out, F7 (Flyball, 78M)
|
Batting: LHB Júlio Martínez
|
0-0: Called Strike 0-1: Ball 1-1: Ball 2-1: Fielders Choice at 2nd, 4-6 (Groundball, 4)
|
Top of the 2nd over - 0 run(s), 0 hit(s), 1 error(s), 0 left on base; West Virginia 1 - Memphis 0 |
BOTTOM OF THE 2ND |
Memphis Blues batting - Pitching for West Virginia Power : LHP Ricardo Guichardo
|
Batting: RHB Irwin Duncan
|
0-0: Fly out, F9 (Line Drive, 9)
|
Batting: LHB Alan McGilroy
|
0-0: Swinging Strike 0-1: Foul Ball, location: 2F 0-2: Ball 1-2: Ball 2-2: Foul Ball, location: 2F 2-2: Ball 3-2: Ground out 4-3 (Groundball, 4MS)
|
Batting: RHB Glenn Melican
|
0-0: Ball 1-0: Foul Ball, location: 2F 1-1: Fly out, F5 (Popup, 5S)
|
Bottom of the 2nd over - 0 run(s), 0 hit(s), 0 error(s), 0 left on base; West Virginia 1 - Memphis 0 |
TOP OF THE 3RD |
West Virginia Power batting - Pitching for Memphis Blues : RHP Pedro Orozco
|
Batting: RHB Brett Bell
|
0-0: Called Strike 0-1: Ball 1-1: Ball 2-1: Swinging Strike 2-2: Strikes out looking
|
Batting: RHB Dave McGrath
|
0-0: Swinging Strike 0-1: Called Strike 0-2: Foul Ball, location: 2F 0-2: Foul Ball, location: 2F 0-2: Foul Ball, location: 2F 0-2: Ball 1-2: Ball 2-2: Fly out, F9 (Flyball, 89M)
|
Batting: RHB Tony Parker
|
0-0: Ball 1-0: Foul Ball, location: 2F 1-1: Ball 2-1: Ball 3-1: Foul Ball, location: 2F 3-2: Base on Balls
|
Batting: LHB Héctor Soto
|
0-0: Ball 1-0: Called Strike Tony Parker steals 2nd base 1-1: Called Strike 1-2: Strikes out looking
|
Top of the 3rd over - 0 run(s), 0 hit(s), 0 error(s), 1 left on base; West Virginia 1 - Memphis 0 |
BOTTOM OF THE 3RD |
Memphis Blues batting - Pitching for West Virginia Power : LHP Ricardo Guichardo
|
Batting: RHB Jaime Spiridon
|
0-0: Ball 1-0: Foul Ball, location: 2F 1-1: Ball 2-1: SINGLE (Line Drive, 78S)
|
Batting: RHB Artie Green
|
0-0: Ball 1-0: Ball 2-0: Ball 3-0: Called Strike 3-1: Base on Balls Jaime Spiridon to second
|
Batting: RHB David Crespo
|
0-0: Ball 1-0: Ball 2-0: Ball 3-0: Base on Balls Jaime Spiridon to third Artie Green to second
|
Batting: RHB Peyton Pennington
|
0-0: Ball 1-0: Ball 2-0: Swinging Strike 2-1: Swinging Strike 2-2: Strikes out swinging
|
Batting: RHB Dave Wookey
|
0-0: Called Strike 0-1: Ball 1-1: Swinging Strike 1-2: Ball 2-2: Strikes out looking
|
Batting: SHB Terry Dailey
|
0-0: Ball 1-0: Swinging Strike 1-1: Ball 2-1: Ball 3-1: Base on Balls Jaime Spiridon scores Artie Green to third David Crespo to second
|
Batting: RHB Irwin Duncan
|
0-0: Called Strike 0-1: Ball 1-1: DOUBLE (Flyball, 78XD) Artie Green scores David Crespo scores Terry Dailey to third
|
Batting: LHB Alan McGilroy
|
0-0: Foul Ball, location: 2F 0-1: Foul Ball, location: 2F 0-2: SINGLE (Groundball, 34) (infield hit) Terry Dailey scores Irwin Duncan to third
|
Batting: RHB Glenn Melican
|
0-0: Ball 1-0: Swinging Strike 1-1: Called Strike 1-2: Foul Ball, location: 2F 1-2: Ball 2-2: Fly out, F7 (Flyball, 78D)
|
Bottom of the 3rd over - 4 run(s), 3 hit(s), 0 error(s), 2 left on base; West Virginia 1 - Memphis 4 |
TOP OF THE 4TH |
West Virginia Power batting - Pitching for Memphis Blues : RHP Pedro Orozco
|
Batting: RHB Aaron Murray
|
0-0: Called Strike 0-1: SINGLE (Groundball, 6MD)
|
Batting: RHB Jesse McKnight
|
0-0: Ball Throwing error on steal attempt, E2 Aaron Murray to third 1-0: Ball 2-0: Swinging Strike 2-1: Ground out 3-1 (Groundball, 34S) Aaron Murray scores
|
Batting: SHB Waylon Adams
|
0-0: Ball 1-0: Ball 2-0: SINGLE (Groundball, 34S) (infield hit)
|
Batting: SHB Clint Woods
|
0-0: Ball 1-0: DOUBLE (Line Drive, 8RD) Waylon Adams to third
|
Batting: LHB Júlio Martínez
|
0-0: Called Strike 0-1: Foul Ball, location: 2F 0-2: Ball 1-2: Ball 2-2: Strikes out swinging
|
Batting: RHB Brett Bell
|
0-0: Ball 1-0: Fly out, F9 (Flyball, 9LS)
|
Top of the 4th over - 1 run(s), 3 hit(s), 1 error(s), 2 left on base; West Virginia 2 - Memphis 4 |
BOTTOM OF THE 4TH |
Memphis Blues batting - Pitching for West Virginia Power : LHP Ricardo Guichardo
|
Batting: RHB Jaime Spiridon
|
0-0: Foul Ball, location: 2F 0-1: Ground out 6-3 (Groundball, 6S)
|
Batting: RHB Artie Green
|
0-0: Called Strike 0-1: Ball 1-1: Ball 2-1: Called Strike 2-2: Strikes out swinging
|
Batting: RHB David Crespo
|
0-0: Ball 1-0: Called Strike 1-1: Foul Ball, location: 2F 1-2: Strikes out swinging
|
Bottom of the 4th over - 0 run(s), 0 hit(s), 0 error(s), 0 left on base; West Virginia 2 - Memphis 4 |
TOP OF THE 5TH |
West Virginia Power batting - Pitching for Memphis Blues : RHP Pedro Orozco
|
Batting: RHB Dave McGrath
|
0-0: Ball 1-0: Fly out, F4 (Line Drive, 4)
|
Batting: RHB Tony Parker
|
0-0: Called Strike 0-1: Called Strike 0-2: Fly out, F8 (Flyball, 8RXD)
|
Batting: LHB Héctor Soto
|
0-0: Called Strike 0-1: Ball 1-1: Ball 2-1: DOUBLE (Line Drive, 7LS)
|
Batting: RHB Aaron Murray
|
0-0: Ball 1-0: Called Strike 1-1: Foul Ball, location: 2F 1-2: Ball 2-2: Strikes out swinging
|
Top of the 5th over - 0 run(s), 1 hit(s), 0 error(s), 1 left on base; West Virginia 2 - Memphis 4 |
BOTTOM OF THE 5TH |
Memphis Blues batting - Pitching for West Virginia Power : LHP Ricardo Guichardo
|
Batting: RHB Peyton Pennington
|
0-0: Ball 1-0: Called Strike 1-1: Foul Ball, location: 2F 1-2: Strikes out looking
|
Batting: RHB Dave Wookey
|
0-0: Called Strike 0-1: Swinging Strike 0-2: Strikes out looking
|
Batting: SHB Terry Dailey
|
0-0: Ball 1-0: SOLO HOME RUN (Flyball, 7D), Distance : 384 ft
|
Batting: RHB Irwin Duncan
|
0-0: Called Strike 0-1: Swinging Strike 0-2: Ball 1-2: Foul Ball, location: 2F 1-2: Fly out, F9 (Flyball, 89M)
|
Bottom of the 5th over - 1 run(s), 1 hit(s), 0 error(s), 0 left on base; West Virginia 2 - Memphis 5 |
TOP OF THE 6TH |
West Virginia Power batting - Pitching for Memphis Blues : RHP Pedro Orozco
|
Pitching: RHP Juan Martínez
|
|
Batting: RHB Jesse McKnight
|
0-0: Ball 1-0: SINGLE (Groundball, 4MD)
|
Batting: SHB Waylon Adams
|
0-0: Fly out, F7 (Flyball, 7LSF)
|
Batting: SHB Clint Woods
|
0-0: Ball Jesse McKnight steals 2nd base 1-0: Fly out, F8 (Flyball, 8LS)
|
Batting: LHB Júlio Martínez
|
0-0: Ball 1-0: Called Strike 1-1: Ball 2-1: Called Strike 2-2: Ball 3-2: Base on Balls
|
Batting: RHB Brett Bell
|
0-0: SINGLE (Line Drive, 56D) Jesse McKnight to third Júlio Martínez to second Runner from 3rd tries for Home, SAFE, no throw
|
Batting: RHB Dave McGrath
|
0-0: Called Strike 0-1: Ball 1-1: Swinging Strike 1-2: Ball 2-2: Ball 3-2: Base on Balls Júlio Martínez to third Brett Bell to second
|
Batting: RHB Tony Parker
|
0-0: Ball 1-0: Ball 2-0: Ball 3-0: Called Strike 3-1: Base on Balls Júlio Martínez scores Brett Bell to third Dave McGrath to second
|
Batting: LHB Héctor Soto
|
0-0: Swinging Strike 0-1: Ball Wild Pitch! Brett Bell scores Dave McGrath to third Tony Parker to second 1-1: Swinging Strike 1-2: Ball 2-2: Ball 3-2: Base on Balls
|
Batting: RHB Aaron Murray
|
0-0: Swinging Strike 0-1: Ball 1-1: Ball 2-1: Foul Ball, location: 2F 2-2: Ball 3-2: Base on Balls Dave McGrath scores Tony Parker to third Héctor Soto to second
|
Pitching: RHP Larry West
|
|
Batting: RHB Jesse McKnight
|
0-0: Fly out, F6 (Popup, 6S)
|
Top of the 6th over - 4 run(s), 2 hit(s), 0 error(s), 3 left on base; West Virginia 6 - Memphis 5 |
BOTTOM OF THE 6TH |
Memphis Blues batting - Pitching for West Virginia Power : LHP Ricardo Guichardo
|
Batting: LHB Alan McGilroy
|
0-0: Called Strike 0-1: Ground out U3 (Groundball, 3)
|
Batting: RHB Glenn Melican
|
0-0: Ball 1-0: Ball 2-0: Ball 3-0: Called Strike 3-1: Base on Balls
|
Pitching: RHP Germán Hernández
|
|
Batting: RHB Jaime Spiridon
|
0-0: Grounds into double play, 6-4-3 (Groundball, 6)
|
Bottom of the 6th over - 0 run(s), 0 hit(s), 0 error(s), 0 left on base; West Virginia 6 - Memphis 5 |
TOP OF THE 7TH |
West Virginia Power batting - Pitching for Memphis Blues : RHP Larry West
|
Batting: SHB Waylon Adams
|
0-0: Ball 1-0: Ball 2-0: Called Strike 2-1: Ball 3-1: Base on Balls
|
Batting: SHB Clint Woods
|
0-0: Called Strike 0-1: Ball 1-1: Foul Ball, location: 2F 1-2: Ball 2-2: Ball 3-2: Foul Ball, location: 2F 3-2: Fly out, F3 (Line Drive, 3)
|
Pinch Hitting: RHB Roberto Tobías
|
0-0: Ball 1-0: Called Strike 1-1: Ball 2-1: Ball Wild Pitch! Waylon Adams to second 3-1: Intentional Walk
|
Pitching: RHP Dustin Taylor
|
|
Batting: RHB Brett Bell
|
0-0: Fielders Choice at 2nd, 1-6 (Groundball, 13) Waylon Adams to third
|
Pinch Hitting: LHB José González
|
0-0: Ball 1-0: Fielders Choice at 2nd, 4-6 (Groundball, 4)
|
Top of the 7th over - 0 run(s), 0 hit(s), 0 error(s), 1 left on base; West Virginia 6 - Memphis 5 |
BOTTOM OF THE 7TH |
Memphis Blues batting - Pitching for West Virginia Power : RHP Germán Hernández
|
Now at SS: Claudio Morán
|
|
Now in RF: José González
|
|
Batting: RHB Artie Green
|
0-0: Ball 1-0: Ball 2-0: SINGLE (Groundball, 15S) (infield hit)
|
Batting: RHB David Crespo
|
0-0: Bunted foul 0-1: Ball 1-1: Sac Bunt - play at second, runner OUT! 5-6
|
Batting: RHB Peyton Pennington
|
0-0: Ball 1-0: Ball 2-0: Called Strike 2-1: Foul Ball, location: 2F 2-2: Strikes out looking
|
Pinch Hitting: LHB John Foster
|
0-0: Ball 1-0: Foul Ball, location: 2F 1-1: Fly out, F7 (Flyball, 7LM)
|
Bottom of the 7th over - 0 run(s), 1 hit(s), 0 error(s), 1 left on base; West Virginia 6 - Memphis 5 |
TOP OF THE 8TH |
West Virginia Power batting - Pitching for Memphis Blues : RHP Dustin Taylor
|
Now in RF: John Foster
|
|
Batting: RHB Tony Parker
|
0-0: Ball 1-0: Ball 2-0: Ground out 4-3 (Groundball, 4)
|
Batting: LHB Héctor Soto
|
0-0: Ball 1-0: Foul Ball, location: 2F 1-1: Ball 2-1: Ball 3-1: Ground out 4-3 (Groundball, 4M)
|
Batting: RHB Aaron Murray
|
0-0: Ball 1-0: Ball 2-0: Called Strike 2-1: Swinging Strike 2-2: Foul Ball, location: 2F 2-2: Strikes out swinging
|
Top of the 8th over - 0 run(s), 0 hit(s), 0 error(s), 0 left on base; West Virginia 6 - Memphis 5 |
BOTTOM OF THE 8TH |
Memphis Blues batting - Pitching for West Virginia Power : RHP Germán Hernández
|
Pitching: RHP Steve Snyder
|
|
Now at 3B: Ron Guillén
|
|
Batting: SHB Terry Dailey
|
0-0: Ball 1-0: Ball 2-0: Foul Ball, location: 2F 2-1: Called Strike 2-2: Strikes out swinging
|
Batting: RHB Irwin Duncan
|
0-0: Ball 1-0: Called Strike 1-1: Fly out, F8 (Line Drive, 8RS)
|
Pitching: LHP Edmond Summers
|
|
Batting: LHB Alan McGilroy
|
0-0: Ball 1-0: Swinging Strike 1-1: Swinging Strike 1-2: Strikes out looking
|
Bottom of the 8th over - 0 run(s), 0 hit(s), 0 error(s), 0 left on base; West Virginia 6 - Memphis 5 |
TOP OF THE 9TH |
West Virginia Power batting - Pitching for Memphis Blues : RHP Dustin Taylor
|
Pitching: RHP Tommy Waters
|
|
Batting: RHB Jesse McKnight
|
0-0: Ball 1-0: Fly out, F4 (Popup, 34D)
|
Batting: SHB Waylon Adams
|
0-0: Called Strike 0-1: Ball 1-1: Ground out 4-3 (Groundball, 4D)
|
Batting: SHB Clint Woods
|
0-0: Ball 1-0: Called Strike 1-1: SOLO HOME RUN (Flyball, 9D), Distance : 407 ft
|
Batting: SHB Claudio Morán
|
0-0: Foul Ball, location: 2F 0-1: Foul Ball, location: 2F 0-2: Ball 1-2: Ball 2-2: Strikes out swinging
|
Top of the 9th over - 1 run(s), 1 hit(s), 0 error(s), 0 left on base; West Virginia 7 - Memphis 5 |
BOTTOM OF THE 9TH |
Memphis Blues batting - Pitching for West Virginia Power : LHP Edmond Summers
|
Pitching: RHP Xavier Castañera
|
|
Batting: RHB Glenn Melican
|
0-0: Called Strike 0-1: Ball 1-1: Ball 2-1: SINGLE (Groundball, 56D)
|
Batting: RHB Jaime Spiridon
|
0-0: Ball 1-0: 2-RUN HOME RUN (Flyball, 8LXD), Distance : 453 ft
|
Pinch Hitting: RHB Chase Mueller
|
0-0: SINGLE (Flyball, 8RS)
|
Pinch Hitting: RHB José Velázquez
|
0-0: Called Strike 0-1: Swinging Strike 0-2: Strikes out looking
|
Batting: RHB Peyton Pennington
|
0-0: Ball 1-0: Ball 2-0: Foul Ball, location: 2F 2-1: Foul Ball, location: 2F Balk! Chase Mueller to second 2-2: Strikes out swinging
|
Batting: LHB John Foster
|
0-0: Ball 1-0: Swinging Strike 1-1: Called Strike 1-2: Strikes out looking
|
Bottom of the 9th over - 2 run(s), 3 hit(s), 0 error(s), 1 left on base; West Virginia 7 - Memphis 7 |
TOP OF THE 10TH |
West Virginia Power batting - Pitching for Memphis Blues : RHP Tommy Waters
|
Now at C: Salvador Mendoza
|
|
Now in LF: Mark Folger
|
|
Batting: RHB Brett Bell
|
0-0: Ball 1-0: Fly out, F8 (Line Drive, 8LD)
|
Batting: LHB José González
|
0-0: Ball 1-0: Ball 2-0: Ground out 4-3 (Groundball, 4S)
|
Pinch Hitting: RHB Will Lott
|
0-0: Called Strike 0-1: Ball 1-1: Called Strike 1-2: Ball 2-2: Foul Ball, location: 2F 2-2: Foul Ball, location: 2F 2-2: Ball 3-2: SINGLE (Line Drive, 7S)
|
Batting: LHB Héctor Soto
|
0-0: Ball 1-0: DOUBLE (Line Drive, 78D) Will Lott to third
|
Pinch Hitting: RHB Lance Wolf
|
0-0: Ball 1-0: Fly out, F7 (Flyball, 7)
|
Top of the 10th over - 0 run(s), 2 hit(s), 0 error(s), 2 left on base; West Virginia 7 - Memphis 7 |
BOTTOM OF THE 10TH |
Memphis Blues batting - Pitching for West Virginia Power : RHP Xavier Castañera
|
Now at 3B: Lance Wolf
|
|
Now in CF: Lúcio Anaya
|
|
Batting: SHB Terry Dailey
|
0-0: Ball 1-0: Called Strike 1-1: Foul Ball, location: 2F 1-2: Foul Ball, location: 2F 1-2: SINGLE (Line Drive, 4M)
|
Batting: RHB Irwin Duncan
|
0-0: Called Strike Terry Dailey is caught stealing 2nd base 0-1: Ball 1-1: Swinging Strike 1-2: Ball 2-2: Foul Ball, location: 2F 2-2: Strikes out swinging
|
Batting: LHB Alan McGilroy
|
0-0: Ball 1-0: Ball 2-0: Ball 3-0: Base on Balls
|
Pinch Runner at 1st José Cabral:
|
|
Batting: RHB Glenn Melican
|
0-0: Ball 1-0: Foul Ball, location: 2F 1-1: Called Strike 1-2: Strikes out swinging
|
Bottom of the 10th over - 0 run(s), 1 hit(s), 0 error(s), 1 left on base; West Virginia 7 - Memphis 7 |
TOP OF THE 11TH |
West Virginia Power batting - Pitching for Memphis Blues : RHP Tommy Waters
|
Pitching: RHP David Bates
|
|
Now at 1B: José Cabral
|
|
Batting: RHB Jesse McKnight
|
0-0: Ball 1-0: Called Strike 1-1: Ball 2-1: Foul Ball, location: 2F 2-2: DOUBLE (Line Drive, 89D)
|
Batting: SHB Waylon Adams
|
0-0: Foul Ball, location: 2F 0-1: Ball 1-1: Ball 2-1: Called Strike 2-2: Ball 3-2: SINGLE (Groundball, 4MD) Jesse McKnight to third
|
Batting: SHB Clint Woods
|
0-0: Ball 1-0: Fly out, F8 (Flyball, 8RD) Runner from 3rd tags up, SCORES, no throw
|
Batting: SHB Claudio Morán
|
0-0: Ball 1-0: Ball 2-0: Ball 3-0: Called Strike 3-1: Swinging Strike 3-2: Strikes out looking
|
Batting: RHB Brett Bell
|
0-0: Ball 1-0: Foul Ball, location: 2F 1-1: Ball 2-1: Foul Ball, location: 2F 2-2: Ball 3-2: Ground out 1-3 (Groundball, 13S)
|
Top of the 11th over - 1 run(s), 2 hit(s), 0 error(s), 1 left on base; West Virginia 8 - Memphis 7 |
BOTTOM OF THE 11TH |
Memphis Blues batting - Pitching for West Virginia Power : RHP Xavier Castañera
|
Pitching: RHP Mike Frank
|
|
Batting: RHB Jaime Spiridon
|
0-0: Called Strike 0-1: Swinging Strike 0-2: DOUBLE (Line Drive, 7LM)
|
Pinch Hitting: RHB Lorenzo Mota
|
0-0: Ball 1-0: Fly out, F6 (Line Drive, 6)
|
Batting: LHB Mark Folger
|
0-0: Ball 1-0: Ground out 6-3 (Groundball, 6) Jaime Spiridon to third
|
Batting: RHB Peyton Pennington
|
0-0: Ball 1-0: Foul Ball, location: 2F 1-1: Ball 2-1: Ground out 6-3 (Groundball, 6)
|
Bottom of the 11th over - 0 run(s), 1 hit(s), 0 error(s), 1 left on base; West Virginia 8 - Memphis 7 |
|